 Dungeon Crawl Stone Soup version 0.29-a0-380-gf50f0a9fbc (webtiles) character file.

Game seed: 6578825461384415155

58 Antichthon the Bolt Thrower (level 4, -1/35 HPs)
             Began as a Formicid Abyssal Knight on May 5, 2022.
             Was a Priest of Lugonu.
             Slain by an orc
             ... wielding a +0 flail
              (2 damage)
             ... on level 3 of the Dungeon.
             The game lasted 00:02:13 (1945 turns).

Antichthon the Bolt Thrower (FoAK)                  Turns: 1945, Time: 00:02:14

Health: -1/35      AC:  7    Str: 17    XL:     4   Next: 21%
Magic:  5/5        EV: 10    Int: 10    God:    Lugonu [***...]
Gold:   127        SH:  0    Dex: 13    Spells: 3/3 levels left

rFire   . . .      SeeInvis +   a - +1 mace
rCold   . . .      Faith    .   (no shield)
rNeg    . . .      Spirit   .   e - +0 ring mail
rPois   .          Reflect  .   (helmet unavailable)
rElec   .          Harm     .   i - +0 cloak
rCorr   .          Rampage  .   g - +0 pair of gloves
Will    .....                   (no boots)
Stlth   +.........              (no amulet)
HPRegen 0.11/turn               (no ring)
MPRegen 0.09/turn               (no ring)

@: no status effects
A: permanent stasis, dig shafts and tunnels, antennae 3, four strong arms
a: Dig, Shaft Self, Renounce Religion, Depart the Abyss, Bend Space, Banish


You were on level 3 of the Dungeon.
You worshipped Lugonu.
Lugonu was most pleased with you.
You visited 1 branch of the dungeon, and saw 3 of its levels.
You visited the Abyss 1 time.

You collected 127 gold pieces.

Inventory:

Hand Weapons
 a - a +1 mace (weapon)
Armour
 e - a +0 ring mail (worn)
 g - a +0 pair of gloves (worn)
 i - a +0 cloak (worn)
Jewellery
 f - a ring of resist corrosion
Wands
 k - a wand of flame (14)
Potions
 b - 2 potions of magic
 c - a potion of flight {unknown}
 d - a potion of lignification {unknown}
 h - a potion of heal wounds {unknown}
 j - a potion of curing {unknown}


   Skills:
 * Level 3.3 Fighting
 - Level 2.0 Maces & Flails
 * Level 3.3 Crossbows
 * Level 2.1 Armour
 * Level 0.8 Dodging
 * Level 2.1 Invocations
 * Level 0.2 Evocations


You had 3 spell levels left.
You didn't know any spells.
Your spell library contained the following spells:

 Spells                   Type           Power      Damage    Failure   Level
 Gell's Gravitas          Tloc           0%         N/A       90%         3
 Lesser Beckoning         Tloc           0%         N/A       90%         3
 Teleport Other           Tloc           0%         N/A       90%         3


Dungeon Overview and Level Annotations

Branches:
Dungeon (3/15)

Altars:


Innate Abilities, Weirdness & Mutations

You cannot be hasted, slowed, berserked, paralysed or teleported.
You can dig through walls and to a lower floor.
You have a pair of large antennae on your head. (SInv)
Your four strong arms can wield two-handed weapons with a shield.


Message History

The orc shouts!
An orc is nearby!
An orc comes into view. It is wielding a +0 flail.
The orc shouts!
You hear a shout!
A rat comes into view.
An orc priest comes into view. It is wielding a +0 falchion.
An orc comes into view. It is wielding a +0 hand axe.
Found an escape hatch in the ceiling.
The orc shouts!
The orc priest calls down the wrath of Beogh upon you.
Beogh smites you!
The orc priest looks satisfied for a moment.
The orc priest calls down the wrath of Beogh upon you.
Beogh smites you!
The orc throws a boomerang.
The boomerang hits you but does no damage.
The rat attacks as you move away! The rat closely misses you.
The rat attacks as you move away! The rat bites you.
The rat attacks as you move away! The rat misses you.
The rat attacks as you move away! The rat bites you but does no damage.
The rat attacks as you move away! The rat bites you.
The rat attacks as you move away! The rat barely misses you.
The orc priest mumbles some strange prayers to Beogh against you.
Beogh smites you!
* * * LOW HITPOINT WARNING * * *
The rat closely misses you.
The orc priest casts a cantrip, but nothing happens.
The rat attacks as you move away! The rat closely misses you.
You aren't carrying any scrolls.
Unknown command.
You closely miss the rat. The rat closely misses you.
You sock the rat!
You kill the rat!
Lugonu accepts your kill. The orc hits you with a +0 dagger.
* * * LOW HITPOINT WARNING * * *
You sock the orc!
You kill the orc!
Lugonu accepts your kill. The orc hits you with a +0 flail.
You die...

(#.#.#.#.#.##.#.########.#
#.#.#.#.#.###o#........#.#
.#.#)#.#.#.##.#.....##.#.#
#.#.#.#.#.###.#.###.##.#.#
.#.#.#.#.#.##.#.#...##.#.#
#.#.#.#.#.###.#.#...##.#.#
.#.#.#.#o#.##.#<.......#.#
#.#.#o#.#.###.##########.##
.#.#.#.#o#.##ooo@.........#
#o#.#.#.#.#################
o#.#.#.#.#.# #.#.#.#.#.##
.#.#.#.#.#.# #.#.#.#.#.##
.#.#.#.#.#.# ############


You could see an orc priest and 2 orcs.

Vanquished Creatures
  A worm (D:2)
  A dart slug (D:2)
  2 orcs (D:3)
  7 ball pythons
  5 endoplasms (D:2)
  4 giant cockroaches
  4 goblins (D:1)
  4 hobgoblins (D:1)
  2 jackals (D:1)
  3 quokkas
  2 bats
  3 frilled lizards (D:1)
  3 kobolds
  6 rats
47 creatures vanquished.

Notes
Turn   | Place    | Note
-------+----------+-------------------------------------------
     0 | Abyss:1  | Antichthon the Formicid Abyssal Knight began the quest for
                  | the Orb.
     0 | Abyss:1  | Reached XP level 1. HP: 18/18 MP: 2/2
    41 | Abyss:1  | Noticed a worldbinder
    42 | D:1      | Escaped the Abyss
   129 | D:1      | Reached skill level 1 in Crossbows
   151 | D:1      | Reached XP level 2. HP: 22/24 MP: 3/3
   417 | D:1      | Reached XP level 3. HP: 22/29 MP: 4/4
  1498 | D:2      | Reached *** piety under Lugonu
  1499 | D:2      | Reached XP level 4. HP: 19/35 MP: 5/5
  1943 | D:3      | HP: 1/35 [orc/+0 dagger (2)]
  1945 | D:3      | Slain by an orc

Illustrated notes

Levels and vault maps discovered:
D:1:      eino_arrival_water_cross, layout_loops_ring
D:2:      layout_basic
D:3:      cheibrodos_greedy_goblins, layout_basic,
          grunt_dithmenos_smoke_and_mirrors, uniq_jessica

Skill      XL: |  1  2  3 |
---------------+----------+-----
Crossbows      | 1 2 3 |  3.3
Fighting       | |  3.3
Maces & Flails | |  2.0
Armour         | |  2.1
Dodging        | |  0.8
Invocations    | |  2.1
Evocations     | |  0.2

Action                   |  1- 3 |  4- 6 || total
-------------------------+-------+-------++-------
Melee: Mace              |   104 |    16 ||   120
       Punch             |     1 |       ||     1
Invok: Depart the Abyss  |     1 |       ||     1
  Use: Scroll            |       |     4 ||     4
Armor: Leather armour    |    10 |       ||    10
       Ring mail         |    32 |     9 ||    41
Dodge: Dodged            |    90 |    10 ||   100

Table legend: (Time is in decaauts)
 A = Elapsed time spent in this place.
 B = Non-inter-level travel time spent in this place.
 C = Inter-level travel time spent in this place.
 D = Time resting spent in this place.
 E = Time spent auto-exploring this place.
 F = Levels seen in this place.
 G = Mean time per level.
                   A        B        C        D        E       F      G
               +--------+--------+--------+--------+--------+-----+--------+
         Total |   1980 |   1962 |     18 |      0 |   1438 |   4 |  495.0 |
       Dungeon |   1938 |   1920 |     18 |      0 |   1398 |   3 |  646.0 |
         Abyss |     42 |     42 |      0 |      0 |     40 |   1 |   42.0 |
               +--------+--------+--------+--------+--------+-----+--------+

Top non-repeatable levels by time:
     D:2: 911 daAuts
     D:1: 838 daAuts
     D:3: 189 daAuts
 Abyss:1: 42 daAuts
